 Dungeon Crawl Stone Soup version 0.30-a0-1074-g5db6f66fbb (webtiles) character file.

Game seed: 7475793523799249982

206 jimonade the Grasshopper (level 5, -1/46 HPs)
             Began as a Naga Warper on Apr 13, 2023.
             Splashed by a jelly's acid (8 damage)
             ... on level 4 of the Dungeon.
             The game lasted 00:06:30 (3286 turns).

jimonade the Grasshopper (Naga Warper)              Turns: 3286, Time: 00:06:30

Health: -1/46      AC: -5    Str: 13    XL:     5   Next: 84%
Magic:  17/17      EV:  8    Int: 13    God:
Gold:   227        SH:  0    Dex: 13    Spells: 8/8 levels left

rFire   . . .      SeeInvis +    a - +6 flail of the Kissing Gnat {venom, MP+9}
rCold   . . .      Faith    .    (no shield)
rNeg    . . .      Spirit   .    n - +0 ring mail
rPois   +          Reflect  .    g - +0 helmet
rElec   .          Rampage  .    o - +0 cloak
rCorr   .                        (no gloves)
Will    .....                    (no barding)
Stlth   +                        (no amulet)
HPRegen 0.27/turn                (no ring)
MPRegen 0.15/turn                (no ring)

@: corroded, very slow
A: AC +1, large, see invisible, deformed body, poison resistance, slowness 2,
spit poison 1, naga tail 1
a: Spit Poison


You were on level 4 of the Dungeon.
You visited 1 branch of the dungeon, and saw 4 of its levels.

You collected 227 gold pieces.

Inventory:

Hand Weapons
 a - the +6 flail of the Kissing Gnat (weapon) {venom, MP+9}
   (You found it on level 3 of the Dungeon)

   MP:        It affects your magic capacity (+9).
 f - a +0 sling
 l - a +0 short sword
 m - a +0 antimagic short sword
 r - a +0 mace
Missiles
 d - 7 boomerangs of dispersal
 u - 4 poisoned darts
Armour
 b - a +0 leather armour
 g - a +0 helmet (worn)
 j - a +0 chain mail
 n - a +0 ring mail (worn)
 o - a +0 cloak (worn)
Wands
 w - a wand of flame (7)
Scrolls
 c - 2 scrolls of blinking
 e - 5 scrolls of identify {unknown}
 h - 2 scrolls of teleportation {unknown}
 p - a scroll of torment {unknown}
 q - a scroll of amnesia {unknown}
 s - a scroll of magic mapping {unknown}
Potions
 i - 2 potions of berserk rage {unknown}
 k - a potion of lignification {unknown}
 t - 2 potions of curing {unknown}
 v - a potion of haste {unknown}
 x - a potion of heal wounds {unknown}


   Skills:
 + Level 2.7 Fighting
 + Level 3.6 Maces & Flails
 + Level 0.8 Throwing
 + Level 1.8 Armour
 + Level 1.8 Dodging
 + Level 0.7 Stealth
 * Level 2.4 Spellcasting
 * Level 3.7 Translocations
 * Level 1.6 Poison Magic


You had 8 spell levels left.
You didn't know any spells.
Your spell library contained the following spells:

 Spells                   Type           Power      Damage    Failure   Level
 Blink                    Tloc           22%        N/A       17%         2
 Lesser Beckoning         Tloc           22%        N/A       17%         2
 Teleport Other           Tloc           11%        N/A       32%         3
 Sting                    Tmut/Pois      12%        1d3       36%         1
 Summon Small Mammal      Summ           4%         N/A       45%         1
 Poisonous Vapours        Pois/Air       6%         N/A       50%         2
 Vhi's Electric Charge    Tloc/Air       12%        N/A       58%         3
 Manifold Assault         Tloc           11%        N/A       73%         4
 Call Canine Familiar     Summ           1%         N/A       83%         3
 Summon Guardian Golem    Hex/Summ       1%         N/A       83%         3
 Olgreb's Toxic Radiance  Pois           5%         N/A       95%         4
 Dispersal                Tloc           5%         N/A       100%        6
 Disjunction              Tloc           5%         N/A       100%        8


Dungeon Overview and Level Annotations

Branches:
Dungeon (4/15)
 Temple: D:4-7

Altars:
Lugonu

Portals:
Abyss: D:3


Innate Abilities, Weirdness & Mutations

Your serpentine skin is tough. (AC +1)
You have supernaturally acute eyesight. (SInv)
Armour fits poorly on your strangely shaped body.
Your system is resistant to poisons. (rPois)
You cover ground very slowly.
You can spit poison.
You have a snake-like lower body.


Message History

The hound bites you but does no damage.
You barely miss the hound.
The hound is heavily wounded.
The hound bites you. The hound bites you but does no damage.
You closely miss the hound.
The hound is heavily wounded.
The hound bites you. The hound barely misses you.
You sock the hound!
You kill the hound!
An orc wizard comes into view. It is wielding a +0 dagger.
You hit the iguana but do no damage.
The iguana is poisoned.
The iguana bites you.
You sock the iguana!
The iguana is heavily wounded.
The iguana closely misses you.
The orc wizard gestures wildly while chanting.
The orc wizard flickers and vanishes for a moment.
A kobold comes into view. It is wielding a +0 dagger.
The iguana bites you but does no damage.
You sock the iguana!
You kill the iguana!
You completely miss the orc. The orc hits you with a +0 flail!
You closely miss the orc. You sock the jelly!
The jelly is poisoned.
The acid corrodes you!
Your hands burn!
The jelly is heavily wounded.
The orc closely misses you. The jelly completely misses you.
A goblin comes into view. It is wielding a +0 club.
The jelly hits you. The acid corrodes you!
You are splashed with acid.
The orc hits you with a +0 flail.
The goblin shouts!
You hit the jelly but do no damage.
The jelly looks as sick as possible!
Your hands burn!
The jelly is severely wounded.
The orc hits you with a +0 flail.
* * * LOW HITPOINT WARNING * * *
The jelly hits you.
* * * LOW HITPOINT WARNING * * *
The acid corrodes you!
You are splashed with acid!
You die...

##
####################
...
#....#......##......
g.#.o#.#.....##..##..#
.Ko#.#.#..##..##..##
#J#...#.##..##..##.
#o@...#....##......
####...####...####.
###........# #^
######.#.# ## #.#.#
#.# # .# .#


You could see a jelly (extremely poisoned), 2 orc wizards, an orc, a goblin and
a kobold.

Vanquished Creatures
  2 hounds
  An iguana (D:4)
  4 adders
  An ufetubus (D:4)
  A worm (D:2)
  A dart slug (D:3)
  An orc (D:3)
  9 endoplasms
  3 giant cockroaches
  9 goblins
  8 hobgoblins
  4 jackals (D:4)
  9 ball pythons
  4 bats
  4 frilled lizards (D:3)
  7 kobolds
  5 rats
73 creatures vanquished.

Vanquished Creatures (others)
  2 lurking horrors (D:3)
2 creatures vanquished.

Grand Total: 75 creatures vanquished

Notes
Turn   | Place    | Note
-------+----------+-------------------------------------------
     0 | D:1      | jimonade the Naga Warper began the quest for the Orb.
     0 | D:1      | Reached XP level 1. HP: 19/19 MP: 3/3
    75 | D:1      | Found a faded altar of an unknown god.
   138 | D:1      | Reached XP level 2. HP: 20/26 MP: 5/5
   725 | D:1      | Reached XP level 3. HP: 28/32 MP: 6/6
   891 | D:2      | Reached skill level 1 in Armour
  1388 | D:2      | Reached XP level 4. HP: 39/40 MP: 7/7
  2145 | D:3      | Found a one-way gate to the infinite horrors of the Abyss.
  2248 | D:3      | Found a corrupted altar of Lugonu.
  2442 | D:3      | Reached XP level 5. HP: 46/46 MP: 8/8
  2450 | D:3      | Reached skill level 1 in Poison Magic
  2528 | D:3      | Identified the +6 flail of the Kissing Gnat {venom, MP+9}
  3286 | D:4      | Splashed by a jelly's acid

Illustrated notes

Levels and vault maps discovered:
D:1:      dreamdust_arrival_sigmund_warning, layout_loops_ring,
          shapermc_ecumenical_altar_venn
D:2:      layout_basic, serial_forest, infiniplex_forest_diagonal,
          infiniplex_forest_lined_3_way, infiniplex_forest_corner_2,
          infiniplex_forest_lined_2, infiniplex_forest_diagonal,
          infiniplex_forest_lined_corner
D:3:      minmay_chambers_of_threes, layout_basic,
          amcnicky_altar_lugonu_corruption
D:4:      minmay_thinvault, layout_basic, kennysheep_mini, ashenzari_altar_1,
          minitemple, minmay_temple_entry_slanted

Skill      XL: |  1  2  3  4  5 |
---------------+----------------+-----
Armour         | 1 |  1.8
Maces & Flails | 3 |  3.6
Poison Magic   | 1 |  1.6
Fighting       | |  2.7
Throwing       | |  0.8
Dodging        | |  1.8
Stealth        | |  0.7
Spellcasting   | |  2.4
Translocations | |  3.7

Action                     |  1- 3 |  4- 6 || total
---------------------------+-------+-------++-------
  Melee: Mace              |    96 |    96 ||   192
         Flail             |       |    45 ||    45
         Punch             |       |     3 ||     3
Ability: Spit Poison       |     3 |       ||     3
 Armour: Leather armour    |     3 |       ||     3
         Chain mail        |    45 |       ||    45
         Ring mail         |    16 |    70 ||    86
  Dodge: Dodged            |    46 |    63 ||   109

Table legend: (Time is in decaauts)
 A = Elapsed time spent in this place.
 B = Non-inter-level travel time spent in this place.
 C = Inter-level travel time spent in this place.
 D = Time resting spent in this place.
 E = Time spent auto-exploring this place.
 F = Levels seen in this place.
 G = Mean time per level.
                   A        B        C        D        E       F      G
               +--------+--------+--------+--------+--------+-----+--------+
         Total |   4283 |   4064 |    219 |    130 |   2962 |   4 | 1070.8 |
       Dungeon |   4283 |   4064 |    219 |    130 |   2962 |   4 | 1070.8 |
               +--------+--------+--------+--------+--------+-----+--------+

Top non-repeatable levels by time:
     D:2: 1589 daAuts
     D:3: 1282 daAuts
     D:1: 1123 daAuts
     D:4: 287 daAuts
